 Dungeon Crawl Stone Soup version 0.28-a0-628-g3c9886e45e (webtiles) character file.

Game seed: 7164267276923331996

295 bande the Covered (level 6, -3/38 HPs)
             Began as a Gargoyle Fighter on Oct 8, 2021.
             Frozen to death by an endoplasm (5 damage)
             ... on level 3 of the Dungeon.
             The game lasted 00:05:48 (3449 turns).

bande the Covered (Gargoyle Fighter)                Turns: 3449, Time: 00:05:49

Health: -3/38      AC: 17    Str: 20    XL:     6   Next: 34%
Magic:  6/6        EV:  6    Int:  9    God:
Gold:   112        SH:  4    Dex: 10    Spells: 5/5 levels left

rFire   . . .      SeeInvis .   a - +0 war axe
rCold   . . .      Faith    .   c - +0 buckler
rNeg    + . .      Spirit   .   f - +0 plate armour
rPois   ∞          Reflect  .   b - +0 helmet
rElec   +          Harm     .   (no cloak)
rCorr   .          Rampage  .   (no gloves)
Will    .....                   (no boots)
Stlth   ..........              (no amulet)
HPRegen 0.12/turn               (no ring)
MPRegen 0.10/turn               (no ring)

@: no status effects
A: sickness immunity, AC +4, negative energy resistance 1, electricity
resistance, torment resistance 1, petrification resistance
a: no special abilities


You were on level 3 of the Dungeon.
You visited 1 branch of the dungeon, and saw 3 of its levels.

You collected 112 gold pieces.

Inventory:

Hand Weapons
 a - a +0 war axe (weapon)
Armour
 b - a +0 helmet (worn)
 c - a +0 buckler (worn)
 f - a +0 plate armour (worn)
Scrolls
 e - 2 scrolls of identify {unknown}
 g - a scroll of fog {unknown}
 i - a scroll of holy word {unknown}
Potions
 d - a potion of might
 h - a potion of degeneration {unknown}


   Skills:
 + Level 4.2 Fighting
 + Level 4.2 Axes
 + Level 4.8 Armour
 + Level 4.0 Shields


You had 5 spell levels left.
You didn't know any spells.
Your spell library contained the following spells:

 Spells                   Type           Power      Damage    Failure   Level
 Ignite Poison            Fire/Tmut/Pois 0%         N/A       100%        3
 Mephitic Cloud           Conj/Pois/Air  0%         N/A       100%        3
 Freezing Cloud           Conj/Ice/Air   0%         6-21      100%        5


Dungeon Overview and Level Annotations

Branches:
Dungeon (3/15)

Altars:
Ashenzari
Yredelemnul

Shops:
D:3 *


Innate Abilities, Weirdness & Mutations

You are immune to sickness and miasma.
Your stone body is resilient. (AC +4)
You are immune to poison.
You resist negative energy. (rN+)
You are resistant to electric shocks. (rElec)
You are resistant to unholy torment.
You are immune to petrification.


Message History

The orc barely misses you.
Unknown command.
Your plate armour prevents you from hitting the orc.
The orc is heavily wounded.
The orc barely misses you.
You hit the orc but do no damage.
The orc is heavily wounded.
The orc barely misses you.
You slash the orc!
You kill the orc!
The orc priest calls down the wrath of Beogh upon you.
Pain shoots through your body!
The orc throws a boomerang.
You barely miss something.
The endoplasm jiggles.
You block something's attack.
You barely miss something.
You hear some strange, mumbled words.
A puff of flame appears from out of thin air!
The puff of flame hits you but does no damage.
The orc priest mumbles some strange prayers to Beogh against you.
Something writhes in agony.
Something hits you but does no damage.
You closely miss something. Something hits you but does no damage.
You miss something.
The orc priest mumbles some strange prayers to Beogh against you.
Beogh smites you! Something hits you but does no damage.
You barely miss something. You block something's attack. x2
You miss something.
The orc priest mumbles some strange prayers to Beogh against you.
Beogh smites you!
* * * LOW HITPOINT WARNING * * *
Something hits you but does no damage.
You barely miss something. Something hits you.
* * * LOW HITPOINT WARNING * * *
You slash something!
Reactivating autopickup.
You feel a bit more experienced.
The endoplasm jiggles.
The endoplasm freezes you.
You are frozen.
You die...

...#....#########..###......#####
..............(..................
####.##...#######..##.....#######
........####### #...#.....#
#######.#...... #...#.....#
#.#...... #...#.....# #.#......
#...#.....#
#.#.....o##...#.....#######
#.'.....oJ@...#.....##.....
#.....o##...#.....##..... #......
##........##.....
#....>.####..............
#......#..'.........#####
########.##.........#####
########## ####.##..............
.........# #.....#######....†...
.....###.# #.....# #........


You could see an orc priest, 2 orcs and an endoplasm.

Vanquished Creatures
  A wyvern zombie (D:3)
  A scorpion (D:3)
  A jelly (D:3)
  A scorpion zombie (D:3)
  2 orc wizards (D:3)
  A hound zombie (D:3)
  An adder (D:2)
  An adder zombie (D:3)
  2 dart slugs (D:1)
  6 orcs (D:3)
  4 bats
  3 endoplasms
  A giant cockroach (D:1)
  5 goblins
  5 hobgoblins
  4 jackals (D:1)
  4 quokkas
  2 ball pythons
  A ball python zombie (D:3)
  8 frilled lizards
  5 kobolds
  6 rats
65 creatures vanquished.

Vanquished Creatures (others)
  A plant (D:1)
1 creature vanquished.

Grand Total: 66 creatures vanquished

Notes
Turn   | Place    | Note
-------+----------+-------------------------------------------
     0 | D:1      | bande the Gargoyle Fighter began the quest for the Orb.
     0 | D:1      | Reached XP level 1. HP: 14/14 MP: 1/1
   251 | D:1      | Reached XP level 2. HP: 16/19 MP: 2/2
   778 | D:1      | Reached XP level 3. HP: 23/23 MP: 3/3
  1836 | D:3      | Reached XP level 4. HP: 16/29 MP: 4/4
  1973 | D:3      | Reached XP level 5. HP: 13/33 MP: 5/5
  2368 | D:3      | Found a basalt altar of Yredelemnul.
  2705 | D:3      | Reached XP level 6. HP: 38/38 MP: 6/6
  2762 | D:3      | Found Woff's Assorted Antiques.
  3142 | D:3      | Found a broken altar of Ashenzari.
  3449 | D:3      | Frozen to death by an endoplasm

Illustrated notes

Levels and vault maps discovered:
D:1:      tarquinn_simple_flora_water_e, layout_loops_ring, serial_forest,
          infiniplex_forest_corner_1, infiniplex_forest_zigzag_1,
          infiniplex_forest_clump_diagonal, infiniplex_forest_lined_room_,
          infiniplex_forest_clump_C, infiniplex_forest_lined_2,
          grunt_decor_arrowhead
D:2:      layout_loops_ring
D:3:      layout_basic, marbit_many_paths, nicolae_yredelemnul_corpse_copse,
          serial_shops, shop

Skill      XL: |  1  2  3  4  5  6 |
---------------+-------------------+-----
Axes           | 2 3 4 |  4.2
Armour         | 4 |  4.8
Fighting       | 4 |  4.2
Shields        | 4 |  4.0

Action                   |  1- 3 |  4- 6 || total
-------------------------+-------+-------++-------
Melee: War axe           |   150 |   119 ||   269
Armor: Scale mail        |    25 |       ||    25
       Plate armour      |   109 |    92 ||   201
Dodge: Dodged            |    90 |    35 ||   125
Block: Buckler           |    32 |    33 ||    65

Table legend: (Time is in decaauts)
 A = Elapsed time spent in this place.
 B = Non-inter-level travel time spent in this place.
 C = Inter-level travel time spent in this place.
 D = Time resting spent in this place.
 E = Time spent auto-exploring this place.
 F = Levels seen in this place.
 G = Mean time per level.
                   A        B        C        D        E       F      G
               +--------+--------+--------+--------+--------+-----+--------+
         Total |   3547 |   3532 |     15 |    480 |   2284 |   3 | 1182.3 |
       Dungeon |   3547 |   3532 |     15 |    480 |   2284 |   3 | 1182.3 |
               +--------+--------+--------+--------+--------+-----+--------+

Top non-repeatable levels by time:
     D:3: 1662 daAuts
     D:1: 1193 daAuts
     D:2: 691 daAuts
